 Dungeon Crawl Stone Soup version 0.27-a0-67-g4bfc8a49e1 (webtiles) character file.

Game seed: 11690723278545241667

19737 Borgoz the Grappler (level 12, -14/107 HPs)
             Began as a Ghoul Gladiator on Jan 9, 2021.
             Was an Elder of Dithmenos.
             Demolished by a death yak (25 damage)
             ... in a Gauntlet.
             The game lasted 00:19:59 (14206 turns).

Borgoz the Grappler (Ghoul Gladiator)              Turns: 14206, Time: 00:20:00

Health: -14/107    AC: 11    Str: 19    XL:     12   Next: 72%
Magic:  11/11      EV: 19    Int:  3    God:    Dithmenos [****..]
Gold:   708        SH:  0    Dex: 20    Spells: 9/11 levels left

rFire    . . .     SeeInvis .     - Unarmed
rCold    + + +     Faith    .   (no shield)
rNeg     + + +     Spirit   .   t - +2 ring mail {Will+}
rPois    ∞         Reflect  .   i - +0 helmet
rElec    .         Harm     .   w - scarf {repulsion}
rCorr    .         Rampage  .   (no gloves)
Will     +....     NoTele   +   o - +0 pair of boots
Stlth    +++.......             (no amulet)
HPRegen  0.00/turn              n - ring "Zasuv" {rC++ Dex+6 Stlth+}
MPRegen  0.12/turn              s - +4 ring of slaying

@: mighty, wreathed by umbra, repel missiles
A: claws 1, cold resistance 1, negative energy resistance 3, inhibited
regeneration, torment resistance, unbreathing
a: Renounce Religion, Shadow Step


You were in a Gauntlet.
You worshipped Dithmenos.
Dithmenos was greatly pleased with you.
You visited 3 branches of the dungeon, and saw 15 of its levels.
You also visited: Gauntlet.

You collected 756 gold pieces.
You spent 48 gold pieces at shops.

Inventory:

Armour
 i - a +0 helmet (worn)
 o - a +0 pair of boots (worn)
 t - a +2 ring mail of willpower (worn)
 w - a scarf of repulsion (worn)
Jewellery
 c - the ring "Ryqokhacs" {rF+ rN+}
   (You found it in a Gauntlet)

   [ring of protection from fire]

   It protects you from fire.
   It protects you from negative energy.
 n - the ring "Zasuv" (left claw) {rC++ Dex+6 Stlth+}
   (You took it off a kobold on level 4 of the Dungeon)

   [ring of dexterity]

   It affects your dexterity (+6).
   It greatly protects you from cold.
   It makes you more stealthy.
 s - a +4 ring of slaying (right claw)
Wands
 q - a wand of digging (6)
Scrolls
 b - 7 scrolls of fog
 e - 2 scrolls of magic mapping
 h - 4 scrolls of teleportation
 j - 3 scrolls of enchant armour {unknown}
 l - a scroll of fear
 m - a scroll of summoning {unknown}
 p - 5 scrolls of remove curse
 r - 3 scrolls of noise {unknown}
 u - 3 scrolls of blinking {unknown}
Potions
 a - 2 potions of curing
 d - 2 potions of resistance
 f - 4 potions of flight
 g - a potion of cancellation {unknown}
 k - 2 potions of might
 v - 4 potions of magic
 x - 2 potions of degeneration {unknown}
 z - a potion of haste


   Skills:
 + Level 10.5 Fighting
 - Level 1.7 Throwing
 * Level 9.0 Armour
 + Level 10.6 Dodging
 + Level 12.4 Unarmed Combat


You had 9 spell levels left.
You knew the following spells:

 Your Spells              Type           Power        Failure   Level
a - Blink                 Tloc           N/A          82%         2

Your spell library contained the following spells:

 Spells                   Type           Power        Failure   Level
 Animate Skeleton         Necr           0%           67%         1
 Apportation              Tloc           0%           67%         1
 Corona                   Hex            0%           67%         1
 Freeze                   Ice            0%           67%         1
 Magic Dart               Conj           0%           67%         1
 Summon Small Mammal      Summ           0%           67%         1
 Call Imp                 Summ           0%           82%         2
 Poisonous Vapours        Pois/Air       0%           82%         2
 Slow                     Hex            0%           82%         2
 Conjure Flame            Conj/Fire      0%           96%         3
 Frozen Ramparts          Ice            0%           96%         3
 Mephitic Cloud           Conj/Pois/Air  0%           96%         3
 Ozocubu's Armour         Ice            0%           96%         3
 Hailstorm                Conj/Ice       0%           100%        4
 Summon Ice Beast         Ice/Summ       0%           100%        4
 Freezing Cloud           Conj/Ice/Air   0%           100%        6


Dungeon Overview and Level Annotations

Branches:
Dungeon (13/15)            Temple (1/1) D:6            Lair (1/6) D:8
    Orc (0/2) D:10        Gauntlet (1/1)
 Vaults: D:13-14

Altars:
Ashenzari
Cheibriados
Dithmenos
Elyvilon
Fedhas
Gozag
Hepliaklqana
Kikubaaqudgha
Makhleb
Nemelex Xobeh
Okawaru
Qazlal
Ru
Sif Muna
Trog
Uskayaw
Vehumet
Wu Jian
Xom
Yredelemnul
Zin
The Shining One

Shops:
D:8 ?

Annotations:
Gauntlet 13 transporters


Innate Abilities, Weirdness & Mutations

You thrive by killing the living.
You are immune to poison.
You have sharp fingernails.
Your flesh is cold resistant. (rC+)
You are immune to negative energy. (rN+++)
You do not regenerate when monsters are visible.
You are immune to unholy pain and torment.
You can survive without breathing.


Message History

The death yak completely misses you.
You claw the death yak!
The death yak is heavily wounded.
Your shadow hits the death yak. The death yak gores you!
* * * LOW HITPOINT WARNING * * *
You barely miss the death yak.
The death yak is heavily wounded.
You barely miss the death yak.
The death yak is heavily wounded.
The death yak gores you but does no damage.
The death yak bellows!
You scratch the death yak but do no damage.
The death yak is heavily wounded.
The death yak gores you!
* * * LOW HITPOINT WARNING * * *
You scratch the death yak.
The death yak is severely wounded.
The death yak gores you but does no damage.
You feel better. The death yak gores you!!
You die...

##########################.#.....
........©.........©#≈≈8≈§#.#.....
##########################.######
..©#≈≈≈§8≈≈§≈#©...........©......
#################################
#....5p#.#...#.#...#.#.........#.
.#...55#.#..#..)#..#.#.........#.
.#....##.#.##...##.#.#p#######.#.
.©#.##.#.##..#.#@^##.##.#^#^#^##.
.###...#.#....©†Y..#.#Y...©....#.
#.#...5#.##..#^#..##.#Y#.#.#^#.#.
...#55.#.#.#######.#.#Y#######^#.
...#p..#.#pY#^..#..#.#.^.....^.#.
5555#5p#.#YY.)©[)..#.#..}.©"(..#.
########.###########.###########.
......§§.........................
.......§∩≈.......................


You could see 4 death yaks and a necromancer.

Vanquished Creatures
  Gastronok (D:10)
  A centaur warrior (D:12)
  2 hydras (D:12)
  4 two-headed ogres
  3 death yaks (Gauntlet)
  A sixfirhy (D:10)
  2 unseen horrors
  A wizard (Gauntlet)
  A necromancer (Gauntlet)
  2 ugly things
  A moth of wrath (Gauntlet)
  A centaur zombie (D:12)
  4 trolls
  2 wyverns
  3 yaks (D:12)
  Eustachio (D:4)
  2 basilisks
  2 vampire mosquitoes (D:12)
  2 water moccasins
  5 orc warriors
  A black bear (D:6)
  5 ice beasts
  3 sky beasts
  3 phantoms
  3 wolves (Gauntlet)
  An eye of draining (D:8)
  4 centaurs
  2 ogres
  2 big kobolds
  6 bullfrogs
  2 wyvern skeletons (D:8)
  A scorpion (D:11)
  9 killer bees
  11 wights
  A howler monkey (D:7)
  3 bullfrog zombies
  3 hounds
  5 jellies
  2 centaur skeletons
  4 orc priests
  4 orc wizards
  A bullfrog skeleton (D:13)
  2 iguanas
  Ijyb (D:5)
  Natasha (thrice) (D:4)
  5 worker ants
  2 killer bee zombies
  A hound zombie (D:7)
  Robin (D:2)
  10 adders
  9 gnolls
  4 shadow imps
  6 white imps
  2 ufetubi
  An ooze (D:1)
  An adder zombie (D:10)
  3 worms
  5 leopard geckos
  30 orcs
  5 giant cockroaches
  20 goblins
  8 hobgoblins
  8 jackals
  3 quokkas
  8 bats
  5 frilled lizards
  38 kobolds
  12 rats
310 creatures vanquished.

Vanquished Creatures (others)
  A human (D:13)
  3 demonic plants (Gauntlet)
  47 plants
51 creatures vanquished.

Grand Total: 361 creatures vanquished

Notes
Turn   | Place    | Note
-------+----------+-------------------------------------------
     0 | D:1      | Borgoz the Ghoul Gladiator began the quest for the Orb.
     0 | D:1      | Reached XP level 1. HP: 17/17 MP: 0/0
    59 | D:1      | Reached XP level 2. HP: 21/25 MP: 1/1
   316 | D:1      | Reached XP level 3. HP: 30/30 MP: 2/2
   770 | D:2      | Reached skill level 4 in Unarmed Combat
  1065 | D:2      | Noticed Robin
  1237 | D:2      | Killed Robin
  1238 | D:2      | Reached XP level 4. HP: 37/37 MP: 3/3
  1663 | D:2      | Found a radiant altar of Vehumet.
  1699 | D:2      | You fall into a shaft and drop 1 floor!
  2109 | D:3      | Noticed a bullfrog
  2115 | D:3      | Killed a bullfrog
  2116 | D:3      | Reached XP level 5. HP: 36/45 MP: 4/4
  2562 | D:3      | Reached skill level 5 in Unarmed Combat
  2748 | D:4      | Found a sacrificial altar of Ru.
  2785 | D:4      | Reached XP level 6. HP: 27/51 MP: 5/5
  3001 | D:4      | Identified the ring "Zasuv" {rC++ Dex+6 Stlth+}
  3242 | D:4      | Noticed Natasha
  3248 | D:4      | Killed Natasha
  3384 | D:4      | Noticed Eustachio
  3405 | D:4      | Killed Eustachio
  3406 | D:4      | Reached skill level 5 in Dodging
  3406 | D:4      | Reached XP level 7. HP: 42/59 MP: 6/6
  3769 | D:4      | Noticed Natasha
  3781 | D:4      | Killed Natasha
  3782 | D:4      | Reached skill level 6 in Unarmed Combat
  3951 | D:5      | Entered Level 5 of the Dungeon
  3997 | D:4      | Noticed Natasha
  4020 | D:4      | Killed Natasha
  4102 | D:5      | Noticed Ijyb
  4115 | D:5      | Killed Ijyb
  4396 | D:5      | Reached XP level 8. HP: 66/67 MP: 7/7
  4399 | D:5      | Reached skill level 1 in Armour
  5049 | D:6      | Reached skill level 7 in Unarmed Combat
  5065 | D:6      | Found a staircase to the Ecumenical Temple.
  5096 | Temple   | Entered the Ecumenical Temple
  5192 | Temple   | Became a worshipper of Dithmenos the Shadowed
  5238 | D:6      | Reached skill level 5 in Fighting
  6306 | D:7      | Reached skill level 8 in Unarmed Combat
  6417 | D:7      | Got a twisted tower shield
  6423 | D:7      | Identified the +4 tower shield "Agylikla" {Rampage Will+}
                  | (You found it on level 7 of the Dungeon)
  6509 | D:7      | Reached XP level 9. HP: 56/74 MP: 8/8
  6708 | D:7      | Reached * piety under Dithmenos
  6713 | D:7      | Found an iron altar of Okawaru.
  7398 | D:8      | Reached skill level 9 in Unarmed Combat
  7529 | D:8      | Found Wusad's Magic Scroll Shoppe.
  7605 | D:8      | Bought a scroll of identify for 24 gold pieces
  7605 | D:8      | Bought a scroll of identify for 24 gold pieces
  7712 | D:8      | Found a staircase to the Lair.
  7831 | D:9      | Found a bloodstained altar of Trog.
  8051 | D:9      | Learned a level 2 spell: Blink
  8125 | D:9      | Reached XP level 10. HP: 38/84 MP: 9/9
  8129 | D:9      | Reached ** piety under Dithmenos
  9144 | D:10     | Entered Level 10 of the Dungeon
  9156 | D:10     | Reached skill level 10 in Unarmed Combat
  9343 | D:10     | Found a runed translucent door.
  9344 | D:10     | Noticed a sixfirhy
  9499 | D:10     | Noticed Gastronok
  9523 | D:10     | Killed Gastronok
  9524 | D:10     | Reached skill level 5 in Armour
  9540 | D:10     | Found a staircase to the Orcish Mines.
  9711 | D:10     | Reached *** piety under Dithmenos
  9746 | D:10     | Noticed a two-headed ogre
  9755 | D:10     | Killed a two-headed ogre
  9756 | D:10     | Reached XP level 11. HP: 94/94 MP: 10/10
  9831 | D:10     | Killed an unseen horror
  9832 | D:10     | Reached skill level 11 in Unarmed Combat
 10530 | D:11     | Noticed a two-headed ogre
 10536 | D:11     | Killed a two-headed ogre
 10591 | D:11     | Noticed a green ugly thing
 10606 | D:11     | Killed a green ugly thing
 10924 | D:11     | Noticed a two-headed ogre
 10938 | D:11     | Killed a two-headed ogre
 11427 | D:11     | Noticed a two-headed ogre
 11436 | D:11     | Killed a two-headed ogre
 11754 | D:12     | Noticed a purple ugly thing
 11763 | D:12     | Killed a purple ugly thing
 12081 | D:12     | Killed an unseen horror
 12082 | D:12     | Reached skill level 10 in Dodging
 12334 | D:13     | Noticed a four-headed hydra
 12337 | D:13     | Noticed a centaur warrior
 12358 | D:12     | Reached XP level 12. HP: 94/106 MP: 11/11
 12504 | D:12     | Reached **** piety under Dithmenos
 12607 | D:13     | Noticed a four-headed hydra
 12618 | D:12     | Killed a centaur warrior
 12624 | D:12     | Killed a four-headed hydra
 12635 | D:12     | Reached skill level 12 in Unarmed Combat
 12898 | D:12     | Killed a four-headed hydra
 12899 | D:12     | Reached skill level 10 in Fighting
 13167 | D:12     | Noticed a two-headed ogre
 13539 | Lair:1   | Entered Level 1 of the Lair of Beasts
 13578 | Lair:1   | Found a gate leading to a gauntlet.
 13587 | Gauntlet | Entered a Gauntlet
 13587 | Gauntlet | Found a transporter.
 13596 | Gauntlet | Found a transporter.
 13611 | Gauntlet | Found a transporter.
 13616 | Gauntlet | Found a transporter.
 13631 | Gauntlet | Found a transporter.
 13650 | Gauntlet | Found a transporter.
 13650 | Gauntlet | Noticed a death yak
 13651 | Gauntlet | Noticed a death yak
 13652 | Gauntlet | Noticed a death yak
 13671 | Gauntlet | Noticed a death yak
 13671 | Gauntlet | Noticed a death yak
 13672 | Gauntlet | Noticed a death yak
 13674 | Gauntlet | Found a transporter.
 13675 | Gauntlet | Noticed a death yak
 13686 | Gauntlet | Found a transporter.
 13696 | Gauntlet | Noticed a green death
 13698 | Gauntlet | Found a transporter.
 13707 | Gauntlet | Noticed a wretched star
 13710 | Gauntlet | Found a transporter.
 13729 | Gauntlet | Found a transporter.
 13744 | Gauntlet | Found a transporter.
 13746 | Gauntlet | Found a transporter.
 13773 | Gauntlet | Found a transporter.
 13791 | Gauntlet | Found a transporter.
 13793 | Gauntlet | Found a transporter.
 13871 | Gauntlet | Found a transporter.
 13891 | Gauntlet | Found a transporter.
 14114 | Gauntlet | Got a coiled wooden ring
 14134 | Gauntlet | Identified the ring "Ryqokhacs" {rF+ rN+} (You found it in
                  | a Gauntlet)
 14181 | Gauntlet | Killed a death yak
 14188 | Gauntlet | Killed a death yak
 14195 | Gauntlet | Killed a death yak
 14204 | Gauntlet | HP: 3/107 [death yak (16)]
 14206 | Gauntlet | Demolished by a death yak

Illustrated notes

Levels and vault maps discovered:
D:1:      nicolae_arrival_washed_ashore, layout_rooms, lemuel_old_faithful
D:2:      layout_basic, vehumet_crystals, minmay_tetromino_t4, uniq_robin
D:3:      layout_basic, minivault_14, hex_tiny
D:4:      kennysheep_kobold_camp, layout_basic, hangedman_ru_absence,
          uniq_natasha, uniq_eustachio
D:5:      layout_basic, uniq_ijyb
D:6:      layout_gridville, minmay_temple_entry_gardened_gates
D:7:      layout_cave_pools, okawaru_altar_gauntlet_db
D:8:      layout_rooms, lair_entry_dummy, serial_shops, nicolae_shop_waterfront
D:9:      layout_big_octagon, bloody_trog
D:10:     cheibrodos_shockbox, layout_loops_ring, orc_david_3,
          nicolae_straight_to_the_point, uniq_gastronok
D:11:     layout_gridville, nrook_pool_corridor
D:12:     layout_loops_cross, basic_altar
D:13:     lemuel_slime, layout_cave_pools, ximxim_vaults_locker_room,
          kennysheep_four_rooms
Temple:   dpeg_three_leaves_temple
Lair:1:   layout_long_grid, gauntlet_entry_generic, beast_lair_carwin_11,
          serial_bayou_shore_a
Gauntlet: gammafunk_gauntlet_one_two_three [gammafunk_gauntlet_arena_spirals,
          gammafunk_gauntlet_arena_mazey, nicolae_gauntlet_arena_t_cross,
          gammafunk_gauntlet_arena_corners, nicolae_gauntlet_arena_grate_2,
          nicolae_gauntlet_swirl, gammafunk_gauntlet_arena_chambers,
          gammafunk_gauntlet_arena_teeth, nicolae_gauntlet_arena_x,
          nicolae_gauntlet_exit_dead_adventurers]

Skill      XL: |  1  2  3  4  5  6  7  8  9 10 11 12 |
---------------+-------------------------------------+-----
Dodging        | 3 4 5 6 8 9 10 | 10.6
Unarmed Combat | 4 5 6 8 9 10 11 12 | 12.4
Fighting       | 3 4 5 6 8 9 10 | 10.5
Armour         | 2 3 5 7 9 |  9.0
Throwing       | |  1.7

Action                   |  1- 3 |  4- 6 |  7- 9 | 10-12 || total
-------------------------+-------+-------+-------+-------++-------
Melee: Unarmed           |   137 |   211 |   505 |   467 ||  1320
       Punch             |     4 |     4 |    18 |    40 ||    66
Throw: Throwing net      |       |       |     2 |     3 ||     5
Evoke: Wand              |       |       |       |     1 ||     1
  Use: Scroll            |       |     8 |     9 |     4 ||    21
       Potion            |       |       |     2 |    10 ||    12
 Stab: Sleeping          |       |     2 |     4 |     9 ||    15
       Held in net/web   |       |       |     2 |       ||     2
Armor: Leather armour    |    44 |    50 |     9 |       ||   103
       Ring mail         |       |       |   125 |    82 ||   207
Dodge: Dodged            |    90 |   148 |   430 |   400 ||  1068
       Repelled          |       |       |     1 |       ||     1

Table legend: (Time is in decaauts)
 A = Elapsed time spent in this place.
 B = Non-inter-level travel time spent in this place.
 C = Inter-level travel time spent in this place.
 D = Time resting spent in this place.
 E = Time spent auto-exploring this place.
 F = Levels seen in this place.
 G = Mean time per level.
                   A        B        C        D        E       F      G
               +--------+--------+--------+--------+--------+-----+--------+
         Total |  13969 |  13482 |    487 |   3888 |   6707 |  16 |  873.1 |
       Dungeon |  13215 |  12738 |    477 |   3888 |   6381 |  13 | 1016.5 |
        Temple |    105 |     96 |      9 |      0 |     65 |   1 |  105.0 |
          Lair |     47 |     47 |      0 |      0 |      0 |   1 |   47.0 |
      Gauntlet |    601 |    601 |      0 |      0 |    261 |   1 |  601.0 |
               +--------+--------+--------+--------+--------+-----+--------+

Top non-repeatable levels by time:
    D:10: 1500 daAuts
     D:4: 1351 daAuts
     D:9: 1350 daAuts
    D:11: 1343 daAuts
    D:12: 1236 daAuts
     D:2: 1154 daAuts
     D:5: 970 daAuts
     D:6: 920 daAuts
     D:8: 909 daAuts
     D:7: 805 daAuts
     D:1: 785 daAuts
     D:3: 729 daAuts
Gauntlet: 601 daAuts
    D:13: 157 daAuts
  Temple: 105 daAuts
